 Dungeon Crawl Stone Soup version 0.31-a0-841-g038b102fc3 (webtiles) character file.

Game seed: 1881114446482757860

131 Dittersdorf the Trooper (level 5, -5/33 HPs)
             Began as a Gargoyle Fighter on Sept 27, 2023.
             Was an Initiate of Okawaru.
             Slain by an ogre
             ... wielding a +0 giant club
              (21 damage)
             ... on level 4 of the Dungeon.
             The game lasted 00:03:11 (2908 turns).

Dittersdorf the Trooper (Gargoyle Fighter)          Turns: 2908, Time: 00:03:12

Health: -5/33      AC: 10    Str: 21    XL:     5   Next: 14%
Magic:  5/5        EV: 10    Int: 11    God:    Okawaru [......]
Gold:   184        SH:  4    Dex:  9    Spells: 4/4 levels left

rFire   . . .        o - +0 morningstar
rCold   . . .        c - +0 buckler
rNeg    + + .        j - +1 ring mail "Utepey" {Int+2}
rPois   ∞            (no helmet)
rElec   +            (no cloak)
rCorr   .            (no gloves)
SInv    .            (no boots)
Will    .....        (no amulet) Stlth
                     e - ring of positive energy
HPRegen 0.25/turn    (no ring)
MPRegen 0.09/turn

%: no passive effects
@: no status effects
A: sickness immunity, AC +4, negative energy resistance 1, electricity
resistance, torment resistance 1, petrification resistance
a: Renounce Religion


You were on level 4 of the Dungeon.
You worshipped Okawaru.
Okawaru was noncommittal.
You visited 2 branches of the dungeon, and saw 5 of its levels.

You collected 184 gold pieces.

Inventory:

Hand Weapons
 o - a +0 morningstar (weapon)
Missiles
 i - 2 poisoned darts (quivered)
Armour
 c - a +0 buckler (worn)
 j - the +1 ring mail "Utepey" (worn) {Int+2}
   (You found it on level 2 of the Dungeon)

   Int+2:     It affects your intelligence (+2).
Jewellery
 e - a ring of positive energy (left hand)
Scrolls
 h - 2 scrolls of amnesia {unknown}
 k - a scroll of poison {unknown}
 l - 2 scrolls of teleportation {unknown}
 m - a scroll of fog {unknown}
 s - a scroll of identify {unknown}
 t - a scroll of fear {unknown}
Potions
 a - a potion of brilliance {unknown}
 b - 2 potions of mutation {unknown}
 d - 2 potions of might
 f - a potion of lignification {unknown}
 g - a potion of degeneration {unknown}
 n - a potion of berserk rage {unknown}
 r - a potion of resistance {unknown}


   Skills:
 + Level 4.2 Fighting
 + Level 3.0 Maces & Flails
 + Level 4.1 Armour
 + Level 4.2 Shields


You had 4 spell levels left.
You didn't know any spells.
Your spell library contained the following spells:

 Spells                   Type           Power      Damage    Failure   Level
 Foxfire                  Conj/Fire      0%         2x1d4     56%         1
 Ozocubu's Armour         Ice            0%         N/A       91%         3
 Metabolic Englaciation   Hex/Ice        0%         N/A       100%        5
 Plasma Beam              Fire/Air       0%         2x1d10    100%        6
 Starburst                Conj/Fire      0%         6d3       100%        6
 Ozocubu's Refrigeration  Ice            0%         4d7       100%        7
 Simulacrum               Ice/Necr       Unusable   N/A       N/A         6

Dungeon Overview and Level Annotations

Branches:
Dungeon (4/15)             Temple (1/1) D:4

Altars:
Ashenzari
Cheibriados
Elyvilon
Kikubaaqudgha
Makhleb
Okawaru
Ru
Uskayaw
Vehumet
Wu Jian
Xom
The Shining One

Shops:
D:2 (


Innate Abilities, Weirdness & Mutations

You are immune to sickness and miasma.
Your stone body is resilient. (AC +4)
You are immune to poison.
You resist negative energy. (rN+)
You are resistant to electric shocks. (rElec)
You are resistant to unholy torment.
You are immune to petrification.


Message History

You climb upwards.
There is a stone staircase leading down here.
You are too injured to fight recklessly!
You are too injured to fight recklessly!
You are too injured to fight recklessly!
You are too injured to fight recklessly!
You are too injured to fight recklessly!
You are too injured to fight recklessly!
You are too injured to fight recklessly!
You are too injured to fight recklessly!
You are too injured to fight recklessly!
You are too injured to fight recklessly!
You are too injured to fight recklessly!
You are too injured to fight recklessly!
You are too injured to fight recklessly!
You are too injured to fight recklessly!
You are too injured to fight recklessly!
You are too injured to fight recklessly!
You are too injured to fight recklessly!
You are too injured to fight recklessly!
You are too injured to fight recklessly!
You sock the giant cockroach!
You kill the giant cockroach!
Okawaru accepts your kill.
You see here a giant cockroach corpse.
There is a stone staircase leading down here.
You start resting.
HP restored.
You climb downwards.
You block the ball python's attack. The ball python grabs you.
The ball python constricts you. The ogre hits you with a +0 giant club!
Ouch! That really hurt!
The ball python closely misses you. The ball python constricts you.
There is a stone staircase leading up here.
Things that are here:
a scroll of vulnerability; a scroll of immolation; 2 scrolls of noise You escape the ball python's grasp.
The ogre hits you with a +0 giant club!!
Ouch! That really hurt!
You die...

#.+ . ##..#....
#####>........
###............b.
#.......#..........
#....................
#.....###.....#......
#..S..###..#.........
####@O([.......# #..#
#####.......# #...
#.......###...
###O..........
.###...........
.b.............#
.b....#..>..#...
.......##...###.#
.......####......


You could see an ogre and a ball python.

Vanquished Creatures
  2 hounds (D:4)
  2 adders
  2 worms
  7 orcs
  3 endoplasms
  A giant cockroach (D:3)
  2 goblins
  7 hobgoblins
  3 ball pythons
  5 bats
  3 frilled lizards
  2 kobolds
  3 rats
42 creatures vanquished.

Notes
Turn   | Place    | Note
-------+----------+-------------------------------------------
     0 | D:1      | Dittersdorf the Gargoyle Fighter began the quest for the
                  | Orb.
     0 | D:1      | Reached XP level 1. HP: 14/14 MP: 1/1
   200 | D:1      | Reached XP level 2. HP: 17/19 MP: 2/2
   851 | D:2      | Found a snail-covered altar of Cheibriados.
   857 | D:2      | Identified the +1 ring mail "Utepey" {Int+2}
  1028 | D:2      | Found a faded altar of an unknown god.
  1175 | D:2      | Found Wiapyse's Weapon Shoppe.
  1498 | D:2      | Reached XP level 3. HP: 23/23 MP: 3/3
  2417 | D:4      | Reached XP level 4. HP: 29/29 MP: 4/4
  2426 | D:4      | Found a staircase to the Ecumenical Temple.
  2538 | Temple   | Entered the Ecumenical Temple
  2551 | Temple   | Became a worshipper of Warmaster Okawaru
  2599 | D:4      | Found a glowing golden altar of the Shining One.
  2673 | D:4      | Reached XP level 5. HP: 11/33 MP: 5/5
  2789 | D:4      | Noticed an ogre
  2908 | D:4      | Slain by an ogre

Illustrated notes

Levels and vault maps discovered:
D:1:      erik_arrival_orb_chamber, layout_loops_ring, patterned_corridor
D:2:      layout_loops_ring, shapermc_ecumenical_altar_petra, serial_shops,
          shop, basic_altar
D:3:      layout_basic
D:4:      layout_basic, lemuel_doored_altar, minmay_temple_entry_butterflies,
          serial_rivers, chequers_serial_rivers_micro_a,
          chequers_serial_rivers_micro_b, chequers_serial_rivers_room_a,
          chequers_serial_rivers_micro_e, chequers_serial_rivers_room_b
Temple:   nicolae_temple_bog_church

Skill      XL: |  1  2  3  4 |
---------------+-------------+-----
Fighting       | 4 |  4.2
Armour         | 4 |  4.1
Shields        | 4 |  4.2
Maces & Flails | 3 |  3.0

Action                     |  1- 3 |  4- 6 || total
---------------------------+-------+-------++-------
  Melee: Flail             |    74 |       ||    74
         Morningstar       |    45 |    31 ||    76
    Use: Scroll            |     3 |       ||     3
 Armour: Scale mail        |    27 |       ||    27
         Ring mail         |    52 |    28 ||    80
  Dodge: Dodged            |    59 |    20 ||    79
  Block: Buckler           |    30 |    11 ||    41

Table legend: (Time is in decaauts)
 A = Elapsed time spent in this place.
 B = Non-inter-level travel time spent in this place.
 C = Inter-level travel time spent in this place.
 D = Time resting spent in this place.
 E = Time spent auto-exploring this place.
 F = Levels seen in this place.
 G = Mean time per level.
                   A        B        C        D        E       F      G
               +--------+--------+--------+--------+--------+-----+--------+
         Total |   2968 |   2789 |    179 |    177 |   2130 |   5 |  593.6 |
       Dungeon |   2941 |   2786 |    155 |    177 |   2130 |   4 |  735.2 |
        Temple |     26 |      2 |     24 |      0 |      0 |   1 |   26.0 |
               +--------+--------+--------+--------+--------+-----+--------+

Top non-repeatable levels by time:
     D:3: 1046 daAuts
     D:1: 864 daAuts
     D:2: 675 daAuts
     D:4: 355 daAuts
  Temple: 26 daAuts
